 Dungeon Crawl Stone Soup version 0.24.0-41-g2ae2f7f1be (webtiles) character file.

Game seed: 3341201013490916088, levelgen mode: deterministic

48 Goreval the Sneak (level 3, 0/18 HPs)
             Began as a Vine Stalker Assassin on Dec 9, 2019.
             Slain by Sigmund
             ... wielding a +1 scythe of venom
              (3 damage)
             ... on level 2 of the Dungeon on Dec 10, 2019.
             The game lasted 00:05:04 (1278 turns).

Goreval the Sneak (Vine Stalker Assassin)           Turns: 1278, Time: 00:05:05

Health: 0/18       AC:  3    Str: 13    XL:     3   Next: 72%
Magic:  0/4        EV: 12    Int: 11    God:
Gold:   73         SH:  0    Dex: 16    Spells: 2/2 levels left

rFire    . . .     SeeInvis .   a - +2 dagger
rCold    . . .     Gourm    .   (no shield)
rNeg     . . .     Faith    .   b - +0 robe
rPois    .         Spirit   +   (no helmet)
rElec    .         Reflect  .   c - +0 cloak
rCorr    .         Harm     .   (no gloves)
MR       .....                  (no boots)
Stlth    +.........             (no amulet)
HPRegen  0.06/turn              (no ring)
MPRegen  0.09/turn              (no ring)

@: confused, lethally poisoned (0 -> -9)
A: fangs 2, magic shield, antimagic bite, no potion heal 3, rot immunity
a: no special abilities


You were on level 2 of the Dungeon.
You were not hungry.

You visited 1 branch of the dungeon, and saw 2 of its levels.

You collected 73 gold pieces.

Inventory:

Hand Weapons
 a - a +2 dagger (weapon)
Missiles
 d - 24 poisoned darts (quivered)
 e - 2 curare-tipped darts
 h - 36 stones
 i - 7 javelins
Armour
 b - a +0 robe (worn)
 c - a +0 cloak (worn)
Jewellery
 k - a cursed ring of teleportation {unknown}
Scrolls
 g - a scroll of teleportation {unknown}
 j - a scroll of random uselessness {unknown}
 l - a scroll of identify {unknown}
Potions
 m - 2 potions of flight {unknown}
Comestibles
 f - 3 rations


   Skills:
 - Level 2.0 Fighting
 * Level 2.5 Short Blades
 * Level 2.5 Throwing
 - Level 1.0 Dodging
 - Level 5.2 Stealth


You had 2 spell levels left.
You didn't know any spells.
Your spell library was empty.

Dungeon Overview and Level Annotations

Branches:
Dungeon (2/15)

Altars:
Ru

Annotations:
D:2 Sigmund


Innate Abilities, Weirdness & Mutations

You have extremely sharp teeth.
When hurt, damage is shared between your health and your magic reserves.
Your bite disrupts and absorbs the magic of your enemies.
Potions cannot restore your health.
You are immune to rotting.


Message History

You are confused.
Sigmund casts a spell at you. The magic dart hits you.
You bump into the rock wall.
Sigmund completely misses you.
You bump into the rock wall.
Sigmund gestures wildly while chanting.
Sigmund flickers and vanishes!
Deactivating autopickup; reactivate with Ctrl-A.
You hear some strange, mumbled words.
You are more confused.
Something hits you.
* * * LOW HITPOINT WARNING * * *
You are lethally poisoned!
* * * LOW HITPOINT WARNING * * *
You feel sick.
Unknown command.
* * * LOW HITPOINT WARNING * * *
You feel sick. Something hits you.
You die...

#..##.# #...## ##(#.# ##
#....##8. ##..##
##.#####)#)##..
#...รท###........#.#_..
#...).#..######.####.(
#.####...######...##8.
#.####(#####.........###
##
#.....<..{....########
###.......@...#
#.##.######.# #. #.# #.#
# #.# #.# #.# #.# #.#
#.# #. #.#


There were no monsters in sight!

Vanquished Creatures
  3 dart slugs
  2 leopard geckos (D:1)
  A giant cockroach (D:1)
  8 goblins
  5 hobgoblins
  4 jackals (D:1)
  5 kobolds
  2 ball pythons (D:1)
  2 bats
  4 frilled lizards (D:1)
  A rat (D:1)
37 creatures vanquished.

Notes
Turn   | Place    | Note
-------+----------+-------------------------------------------
     0 | D:1      | Goreval the Vine Stalker Assassin began the quest for the
                  | Orb.
     0 | D:1      | Reached XP level 1. HP: 11/11 MP: 2/2
    82 | D:1      | Reached skill level 1 in Dodging
    82 | D:1      | Reached XP level 2. HP: 15/15 MP: 3/3
   114 | D:1      | Reached skill level 5 in Stealth
   322 | D:1      | Reached XP level 3. HP: 13/18 MP: 2/4
  1027 | D:2      | Found a sacrificial altar of Ru.
  1134 | D:2      | Noticed Sigmund
  1278 | D:2      | Slain by Sigmund

Levels and vault maps discovered:
D:1:      dpeg_arrival_rooms_with_view, layout_rooms
D:2:      layout_loops_ring, nicolae_overflow_hidden_temple,
          lemuel_coloured_pillars_altar, uniq_sigmund

Skill      XL: |  1  2 |
---------------+-------+-----
Throwing       | 2 |  2.5
Dodging        | 1 |  1.0
Short Blades   | 2 |  2.5
Stealth        | 5 |  5.2
Fighting       | 2 |  2.0

Action                   || total
-------------------------++-------
Melee: Dagger            ||    94
       Bite              ||    22
Throw: Dart              ||     2
 Stab: Sleeping          ||     7
  Eat: Chunk             ||     1
Armor: Robe              ||    18
Dodge: Dodged            ||    51
